 Dungeon Crawl Stone Soup version 0.20.0-15-g7f486f2 (webtiles) character file.

1246 dobroeutro the Cleaver (level 8, -1/58 HPs)
             Began as a Demonspawn Fighter on June 17, 2017.
             Was a Follower of Okawaru.
             Slain by a killer bee (5 damage)
             ... on level 7 of the Dungeon.
             The game lasted 00:06:21 (4611 turns).

dobroeutro the Cleaver (Demonspawn Fighter)         Turns: 4611, Time: 00:06:21

Health: -1/58      AC:  6    Str: 18    XL:     8   Next: 25%
Magic:  8/8        EV:  7    Int:  9    God:    Okawaru [*.....]
Gold:   293        SH:  9    Dex: 14    Spells: 7/7 levels left

rFire    . . .     SeeInvis .   a - +0 war axe
rCold    . . .     Gourm    .   c - +0 shield
rNeg     . . .     Faith    .   b - +0 scale mail
rPois    .         Spirit   .   (no helmet)
rElec    .         Reflect  .   (no cloak)
rCorr    .         Harm     .   (no gloves)
MR       .....     Rnd*Tele +   (no boots)
Stlth    ..........             q - amulet of regeneration
Regen    0.6/turn               n - ring of loudness (curse)
MPRegen  0.2/turn               s - ring of teleportation (curse)

@: lethally poisoned (-1 -> -2)
A: claws 1, talons 2, demonic guardian 1, no potion heal 1
a: Heroism, Renounce Religion


You were on level 7 of the Dungeon.
You worshipped Okawaru.
Okawaru was aware of your devotion.
You were not hungry.

You visited 2 branches of the dungeon, and saw 8 of its levels.

You collected 293 gold pieces.

Inventory:

Hand Weapons
 a - a +0 war axe (weapon)
Armour
 b - a +0 scale mail (worn)
 c - a +0 shield (worn)
Jewellery
 n - a cursed ring of loudness (left claw)
 q - an amulet of regeneration (around neck)
 s - a cursed ring of teleportation (right claw)
Wands
 y - a wand of paralysis (14/24)
Scrolls
 e - 3 scrolls of identify {unknown}
 h - 4 scrolls of remove curse {unknown}
 i - a scroll of noise {unknown}
 j - 3 scrolls of teleportation {unknown}
 k - 3 scrolls of recharging {unknown}
 m - a scroll of fear {unknown}
 p - 2 scrolls of fog {unknown}
 r - a scroll of immolation {unknown}
 t - 5 scrolls of enchant weapon {unknown}
 u - 2 scrolls of random uselessness {unknown}
Potions
 d - 2 potions of might
 l - a potion of invisibility {unknown}
 w - a potion of lignification {unknown}
 x - a potion of flight {unknown}
Comestibles
 f - 5 bread rations
 g - a fruit
 o - 2 meat rations
 z - 2 chunks of flesh


   Skills:
 + Level 3.1 Fighting
 + Level 9.2 Axes
 + Level 2.6 Armour
 + Level 0.1 Dodging
 + Level 2.8 Shields


You had 7 spell levels left.
You didn't know any spells.

Dungeon Overview and Level Annotations

Branches:
Dungeon (7/15)             Temple (1/1) D:5

Altars:
Ashenzari
Cheibriados
Dithmenos
Gozag
Makhleb
Nemelex Xobeh
Okawaru
Qazlal
Xom

Shops:
D:5 :


Innate Abilities, Weirdness & Mutations

You have sharp fingernails.
You have razor-sharp toenails.
A weak demonic guardian rushes to your aid.
Potions are less effective at restoring your health.


Message History

The killer bee stings you!
* * * LOW HITPOINT WARNING * * *
Your quasit bites the killer bee.
The killer bee dies!
Okawaru accepts your kill. You block the killer bee's attack.
Your quasit bites the killer bee.
Your quasit claws the killer bee.
Your quasit misses the killer bee. You block the killer bee's attack.
Your quasit misses the killer bee. x2
Your quasit barely misses the killer bee.
The killer bee barely misses your quasit.
The killer bee stings you.
* * * LOW HITPOINT WARNING * * *
You are poisoned.
The killer bee poisons you!
You feel sick.
Your quasit disappears in a puff of smoke!
You block the killer bee's attack. The killer bee stings you.
You die...

#####...###..##.#.##
...................########
#.###...###..##.#..........
#.###...# #..##.#..########
........# #..##.#..####
#.#.#...# #...........#
#.#.#...# #..##.#..########
..#.#...###..##............
..............yy@.........#
...........†§..y##.########
........####.#####.#
........# #.# #.# #.#.#...#
#.# #.# #.#.#..... .y. ..#
#.#.#...####.. ...
........# #.## #.# ...


You could see 3 killer bees.

Vanquished Creatures
  An ice beast (D:6)
  A centaur (D:6)
  2 ogres
  2 bullfrogs
  A scorpion (D:4)
  A howler monkey (D:4)
  A crimson imp (D:5)
  A hound (D:6)
  A centaur zombie (D:6)
  A jelly (D:5)
  2 orc wizards (D:5)
  An iguana (D:7)
  4 worker ants
  3 gnolls (D:4)
  6 adders
  A shadow imp (D:5)
  An adder zombie (D:6)
  5 worms
  2 dart slugs
  A leopard gecko (D:1)
  6 orcs
  10 bats
  9 giant cockroaches
  8 goblins
  11 hobgoblins
  10 jackals (D:2)
  2 ball pythons
  4 frilled lizards
  A jackal skeleton (D:4)
  2 kobolds
  3 rats (D:3)
104 creatures vanquished.

Vanquished Creatures (collateral kills)
  A sky beast (D:6)
  A centaur (D:5)
  A killer bee (D:7)
  A howler monkey (D:4)
  A hound (D:4)
  An orc priest (D:5)
  A worker ant (D:4)
  An orc (D:5)
8 creatures vanquished.

Grand Total: 112 creatures vanquished

Notes
Turn   | Place    | Note
-------+----------+-------------------------------------------
     0 | D:1      | dobroeutro the Demonspawn Fighter began the quest for the Orb.
     0 | D:1      | Reached XP level 1. HP: 18/18 MP: 1/1
    43 | D:1      | Reached skill level 2 in Axes
    81 | D:1      | Gained mutation: A weak demonic guardian rushes to your aid. [demonic ancestry]
    81 | D:1      | Reached XP level 2. HP: 10/24 MP: 2/2
   760 | D:2      | Reached skill level 3 in Axes
   947 | D:2      | Gained mutation: You have sharp toenails. [demonic ancestry]
   947 | D:2      | Reached XP level 3. HP: 24/29 MP: 3/3
  1396 | D:2      | Gained mutation: You have razor-sharp toenails. [demonic ancestry]
  1396 | D:2      | Reached XP level 4. HP: 32/35 MP: 4/4
  1493 | D:2      | Reached skill level 4 in Axes
  2321 | D:4      | Reached XP level 5. HP: 31/41 MP: 5/5
  2341 | D:4      | Reached skill level 5 in Axes
  2906 | D:4      | Found a stormy altar of Qazlal.
  2993 | D:4      | Reached XP level 6. HP: 32/47 MP: 6/6
  3058 | D:4      | Reached skill level 6 in Axes
  3349 | D:5      | Entered Level 5 of the Dungeon
  3436 | D:5      | Found a staircase to the Ecumenical Temple.
  3547 | Temple   | Entered the Ecumenical Temple
  3577 | Temple   | Became a worshipper of Warmaster Okawaru
  3649 | D:5      | Reached skill level 7 in Axes
  3649 | D:5      | Gained mutation: You have sharp fingernails. [demonic ancestry]
  3649 | D:5      | Reached XP level 7. HP: 44/52 MP: 7/7
  3859 | D:5      | Found a burning altar of Makhleb.
  4068 | D:5      | Found Jiseil's Book Boutique.
  4096 | D:6      | Reached * piety under Okawaru
  4096 | D:6      | Reached skill level 8 in Axes
  4330 | D:6      | Reached XP level 8. HP: 46/58 MP: 8/8
  4334 | D:6      | Gained mutation: You are robust. (+10% HP) [mutagenic meat]
  4335 | D:6      | Gained mutation: Potions are less effective at restoring your health. [mutagenic meat]
  4336 | D:6      | Lost mutation: You are robust. (+10% HP) [mutagenic meat]
  4424 | D:6      | Reached skill level 9 in Axes
  4611 | D:7      | Slain by a killer bee

Skill      XL: |  1  2  3  4  5  6  7  8 |
---------------+-------------------------+-----
Axes           | 2 3 4 5 7 8 9 |  9.2
Fighting       | |  3.1
Armour         | |  2.6
Dodging        | |  0.1
Shields        | |  2.8

Action                   |  1- 3 |  4- 6 |  7- 9 || total
-------------------------+-------+-------+-------++-------
Melee: War axe           |   155 |   192 |   107 ||   454
       Kick              |    13 |    41 |    29 ||    83
  Use: Potion            |       |       |     2 ||     2
  Eat: Chunk             |     2 |     5 |     4 ||    11
       Bread ration      |       |     1 |       ||     1
Armor: Scale mail        |    76 |    94 |    50 ||   220
Dodge: Dodged            |    26 |    50 |    26 ||   102
Block: Shield            |    89 |    93 |    40 ||   222
